 Dungeon Crawl Stone Soup version 0.28.0-53-g5a82cb258f (webtiles) character file.

Game seed: 1605851974007783681

11435 GigaChad the Carver (level 11, -1/101 HPs)
             Began as a Minotaur Gladiator on Aug 22, 2022.
             Was a Believer of Ashenzari.
             Engulfed by a cloud of flame (14 damage)
             ... on level 11 of the Dungeon.
             The game lasted 00:37:59 (11632 turns).

GigaChad the Carver (Minotaur Gladiator)           Turns: 11632, Time: 00:37:59

Health: -1/101     AC: 16    Str: 25    XL:     11   Next: 49%
Magic:  10/10      EV: 14    Int:  7    God:    Ashenzari [**....]
Gold:   1229       SH:  0    Dex: 13    Spells: 10/10 levels left

rFire   . . .      SeeInvis +   e - +6 demon blade "Overhang to Understand" {flame, rElec Str+5, Evo, Bglg} (curse)
rCold   . . .      Faith    .   (no shield)
rNeg    . . .      Spirit   .   W - +0 plate armour of the Sidereal Augur {Fort, Bglg} (curse)
rPois   +          Reflect  .   c - +0 hat "Cursed Restlessness" {Melee, Range} (curse)
rElec   +          Harm     .   A - scarf {shadows}
rCorr   .          Rampage  .   (no gloves)
Will    .....                   (no boots)
Stlth   ..........              U - amulet of regeneration
HPRegen 1.06/turn               w - +4 ring of evasion
MPRegen 0.12/turn               r - ring of poison resistance

@: no status effects
A: horns 2, retaliatory headbutt
a: Renounce Religion, Shatter the Chains


You were on level 11 of the Dungeon.
You worshipped Ashenzari.
Ashenzari was pleased with you.
You visited 2 branches of the dungeon, and saw 12 of its levels.

You collected 1229 gold pieces.

Inventory:

Hand Weapons
 a - a +1 long sword
 e - the cursed +6 demon blade "Overhang to Understand" (weapon) {flame, rElec Str+5, Evo, Bglg}
   (You acquired it on level 4 of the Dungeon)

   It burns those it strikes, dealing additional fire damage.
   Big, fiery blades are also staple armaments of hydra-hunters.
   Str:       It affects your strength (+5).
   rElec:     It insulates you from electricity.
   It has a curse which improves the following skills: Evocations: Evocations.
   Beguiling: Conjurations, Hexes and Translocations.
 z - a +0 scimitar
 F - a +0 shortbow
 H - a +5 flail of freezing
 K - a +0 lajatang
 M - the +7 fustibalus "Fesmetz" {speed, rC++ Stlth+}
   (You found it on level 9 of the Dungeon)

   Attacks with this weapon are significantly faster.
   rC:        It greatly protects you from cold.
   Stlth:     It makes you more stealthy.
 O - a +4 falchion
 P - a +5 trident
Missiles
 d - 3 throwing nets (quivered)
 y - 15 poisoned darts
 G - 107 arrows
Armour
 b - a +0 leather armour
 c - the cursed +0 hat "Cursed Restlessness" (worn) {Melee, Range}

   It has a curse which improves the following skills: Melee Combat: Short
   Blades, Long Blades, Axes, Maces & Flails, Polearms, Staves and Unarmed
   Combat.
   Ranged Combat: Slings, Bows, Crossbows and Throwing.
 g - a +2 chain mail
 o - a +2 helmet
 t - a +0 scale mail
 u - a +2 leather armour of poison resistance
 A - a scarf of shadows (worn)
 I - +0 steam dragon scales
 V - +0 acid dragon scales
 W - the cursed +0 plate armour of the Sidereal Augur (worn) {Fort, Bglg}
   (You found it on level 11 of the Dungeon)

   It has a curse which improves the following skills: Fortitude: Armour and
   Shields.
   Beguiling: Conjurations, Hexes and Translocations.
Magical Staves
 p - a staff of fire
 B - a staff of air
Jewellery
 j - a ring of wizardry
 r - a ring of poison resistance (right hand)
 w - a +4 ring of evasion (left hand)
 L - an amulet of reflection
 N - a ring of protection from cold
 Q - an amulet of magic regeneration
 U - an amulet of regeneration (around neck)
Wands
 k - a wand of iceblast (6)
 x - a wand of mindburst (20)
 T - a wand of flame (2)
Scrolls
 i - 3 scrolls of vulnerability
 s - 5 scrolls of blinking
 v - 2 scrolls of fog
 D - 5 scrolls of identify
 E - a scroll of amnesia
Potions
 f - 3 potions of attraction
 h - 3 potions of brilliance
 l - a potion of curing
 m - a potion of flight
 n - a potion of degeneration
 q - 2 potions of mutation
 J - a potion of lignification
 R - a potion of cancellation
 S - a potion of might
Miscellaneous
 X - a piece from Xom's chessboard (15/15)


   Skills:
 + Level 10.8 Fighting
 - Level 13.9(15.0) Long Blades
 + Level 2.1(3.1) Throwing
 + Level 12.2(13.4) Armour
 + Level 6.2 Dodging
 + Level 1.0 Stealth
 + Level 0.2(0.5) Evocations


You had 10 spell levels left.
You didn't know any spells.
Your spell library contained the following spells:

 Spells                   Type           Power      Damage    Failure   Level
 Animate Skeleton         Necr           0%         N/A       98%         1
 Apportation              Tloc           0%         N/A       98%         1
 Summon Small Mammal      Summ           0%         N/A       98%         1
 Dispersal                Tloc           0%         N/A       100%        6
 Disjunction              Tloc           0%         N/A       100%        8


Dungeon Overview and Level Annotations

Branches:
Dungeon (11/15)            Temple (1/1) D:5            Lair (0/6) D:8
    Orc: D:9-12

Altars:
Ashenzari
Cheibriados
Dithmenos
Elyvilon
Fedhas
Gozag
Hepliaklqana
Nemelex Xobeh
Okawaru
Qazlal
Ru
Sif Muna
Trog
Uskayaw
Vehumet
Wu Jian
Yredelemnul
Zin
The Shining One

Shops:
D:9 ?   D:10 ?

Annotations:
D:11 2 transporters, fleet's ghost, journeyman KoGl


Innate Abilities, Weirdness & Mutations

You have a pair of horns on your head.
You reflexively headbutt those who attack you in melee.


Message History

The efreet is moderately wounded.
The efreet hits you but does no damage.
You hit the efreet but do no damage.
The efreet is moderately wounded.
You hit the efreet.
The efreet is moderately wounded.
The efreet hits you with a +2 scimitar of flaming!
The efreet burns you.
You slash the efreet! Your headbutt misses the efreet.
The efreet is severely wounded.
The efreet gestures at you.
The fireball explodes!
The fireball engulfs you.
The fireball engulfs the efreet.
The efreet completely resists.
You hear a shout!
You slice the efreet!!
You kill the efreet!
A fire crab comes into view.
You see here a +2 scimitar of flaming.
The fire crab bites you!
You are engulfed in flames!
The fire crab claws you but does no damage.
The fire crab breathes flames at you. The blast of flame misses you.
You are engulfed in blazing flames.
You are engulfed in blazing flames.
The fire crab barely misses you. The fire crab claws you.
You are engulfed in flames!
* * * LOW HITPOINT WARNING * * *
You slice the fire crab!!
You headbutt the fire crab, but do no damage.
The fire crab is severely wounded.
You are engulfed in blazing flames.
* * * LOW HITPOINT WARNING * * *
The fire crab completely misses you. The fire crab closely misses you.
You slash the fire crab! You headbutt the fire crab.
The fire crab is almost dead.
You are engulfed in blazing flames.
* * * LOW HITPOINT WARNING * * *
You slash the fire crab!
You kill the fire crab!
You are engulfed in blazing flames.
You die...

* *###..####.# #.. ........#.#
##. *..####..#.### ##### . *.#
...#.#...# ###.... <..
,#.*..#.....# #.'.... ..
#..#.#.....###.#.... ,
#.#....#.#...##.>#....
,,#..####).#...##.##....
#....@°..#...'.[###### *
,####..####...####
......^.....### ##.####..####
######+## #.####.##### #>......#
*..........# ##.......# *
#........# ##..^....###
#........#
.'.......'.###........###########


There were no monsters in sight!

Vanquished Creatures
  A fire crab (shapeshifter) (D:11)
  Pikel (D:7)
  2 cyclopes (D:11)
  2 manticores (D:11)
  2 kobold demonologists (D:11)
  2 unseen horrors
  An efreet (D:11)
  2 shadows
  5 wyverns
  19 yaks
  Eustachio (D:6)
  2 wraiths
  A steam dragon (D:9)
  Menkaure (D:7)
  A water moccasin (D:9)
  2 acid dragons
  2 orc warriors
  A black bear (D:2)
  A sky beast (D:4)
  A necrophage (D:5)
  3 ogres
  4 centaurs
  4 lemures (D:7)
  A phantom (D:4)
  4 kobold brigands
  2 bullfrogs (D:8)
  2 wyvern zombies
  2 scorpions
  6 killer bees (D:6)
  8 wights
  A bullfrog zombie (D:5)
  5 howler monkeys
  3 hounds
  A gnoll shaman (D:8)
  A jelly (D:6)
  An orc priest (D:10)
  A bullfrog skeleton (D:6)
  A centaur skeleton (D:5)
  Natasha (thrice) (D:2)
  2 iguanas
  3 orc wizards
  A killer bee zombie (D:7)
  4 howler monkey zombies
  9 gnolls
  13 adders
  2 shadow imps
  An ufetubus (D:6)
  4 worms (D:2)
  2 dart slugs
  15 orcs
  9 ball pythons
  8 endoplasms
  7 giant cockroaches
  9 goblins
  18 hobgoblins
  6 jackals
  24 kobolds
  10 quokkas
  8 bats
  3 frilled lizards
  6 rats
267 creatures vanquished.

Notes
Turn   | Place    | Note
-------+----------+-------------------------------------------
     0 | D:1      | GigaChad the Minotaur Gladiator began the quest for the
                  | Orb.
     0 | D:1      | Reached XP level 1. HP: 18/18 MP: 0/0
   302 | D:1      | Reached skill level 4 in Long Blades
   302 | D:1      | Reached XP level 2. HP: 18/25 MP: 1/1
   536 | D:1      | HP: 1/25 [ball python (1)]
   537 | D:1      | Reached XP level 3. HP: 2/30 MP: 2/2
   836 | D:1      | Found a faded altar of an unknown god.
  1309 | D:2      | Noticed Natasha
  1399 | D:2      | Killed Natasha
  1400 | D:2      | Reached XP level 4. HP: 21/40 MP: 3/3
  1446 | D:2      | Reached skill level 1 in Armour
  1606 | D:2      | Reached skill level 5 in Long Blades
  1620 | D:2      | Noticed a black bear
  1632 | D:2      | Killed a black bear
  1633 | D:2      | Reached XP level 5. HP: 21/46 MP: 4/4
  1776 | D:2      | Noticed Natasha
  1794 | D:2      | Killed Natasha
  1833 | D:2      | Noticed Natasha
  1847 | D:2      | Killed Natasha
  1848 | D:2      | Reached XP level 6. HP: 26/52 MP: 5/5
  2660 | D:3      | Reached skill level 6 in Long Blades
  3609 | D:4      | Identified 2 scrolls of acquirement
  3609 | D:4      | Acquired the +6 demon blade of Blood-Lust {flame, rElec
                  | Str+5}
  3610 | D:4      | Noticed a sky beast
  3615 | D:4      | Killed a sky beast
  3616 | D:4      | Reached XP level 7. HP: 52/60 MP: 6/6
  3635 | D:4      | Reached skill level 7 in Long Blades
  3665 | D:4      | Reached skill level 5 in Armour
  3677 | D:4      | Acquired 758 gold pieces
  3870 | D:4      | Reached skill level 5 in Fighting
  4143 | D:5      | Entered Level 5 of the Dungeon
  4143 | D:5      | Found an iron altar of Okawaru.
  4259 | D:5      | Reached skill level 8 in Long Blades
  4259 | D:5      | Reached XP level 8. HP: 68/68 MP: 7/7
  4445 | D:5      | Found a staircase to the Ecumenical Temple.
  4458 | Temple   | Entered the Ecumenical Temple
  4557 | Temple   | Became a worshipper of Ashenzari the Shackled
  5215 | D:6      | Reached skill level 9 in Long Blades
  5489 | D:6      | Noticed Eustachio
  5495 | D:6      | Killed Eustachio
  5538 | D:6      | Killed an unseen horror
  5539 | D:6      | Reached skill level 10 in Long Blades
  5539 | D:6      | Reached XP level 9. HP: 46/75 MP: 8/8
  6202 | D:7      | Reached skill level 5 in Dodging
  6258 | D:7      | Reached skill level 11 in Long Blades
  6392 | D:7      | Noticed Pikel
  6397 | D:7      | Killed Pikel
  6434 | D:7      | Noticed Menkaure
  6437 | D:7      | Killed Menkaure
  6647 | D:8      | Reached skill level 12 in Long Blades
  6876 | D:8      | Found a staircase to the Lair.
  7121 | D:8      | Reached XP level 10. HP: 88/88 MP: 9/9
  7399 | D:9      | Found Neoq's Magic Scroll Boutique.
  7686 | D:9      | Identified the +7 fustibalus "Fesmetz" {speed, rC++ Stlth+}
  8037 | D:9      | Reached skill level 10 in Armour
  8589 | D:10     | Entered Level 10 of the Dungeon
  8589 | D:10     | Found Houtaalo's Magic Scroll Boutique.
  8600 | D:10     | Reached skill level 13 in Long Blades
  8829 | D:10     | Reached XP level 11. HP: 52/97 MP: 10/10
  9402 | D:10     | Reached * piety under Ashenzari
 10663 | D:11     | Reached skill level 10 in Fighting
 11300 | D:11     | Reached skill level 1 in Stealth
 11318 | D:11     | Found a transporter.
 11322 | D:11     | Found a transporter.
 11322 | D:11     | Noticed fleet's ghost (journeyman KoGl)
 11325 | D:11     | Noticed an ettin
 11328 | D:11     | Noticed a tengu warrior
 11535 | D:11     | Reached ** piety under Ashenzari
 11624 | D:11     | Noticed a fire crab
 11632 | D:11     | Killed a fire crab
 11632 | D:11     | Engulfed by a cloud of flame

Illustrated notes

Levels and vault maps discovered:
D:1:      dpeg_arrival_shelter, layout_loops_ring, ebering_ecumenical_altar_mist
D:2:      layout_rooms, minmay_fractal_squares_5, uniq_natasha
D:3:      layout_loops_ring, portal_sewer_entry_f, fountainhead
D:4:      layout_basic
D:5:      layout_basic, okawaru_metal_pillars_1_2,
          minmay_temple_entry_sparse_star, kennysheep_big_empty_room,
          grunt_decor_arrowhead, supply_closet_lemuel, hex_medium
D:6:      layout_rooms, uniq_eustachio
D:7:      layout_rooms, uniq_menkaure, uniq_pikel
D:8:      layout_gridville, lair_entry_dummy
D:9:      layout_stronghold, serial_shops, nicolae_stop_n_shop_2
D:10:     layout_basic, serial_shops, nicolae_stop_n_shop_1
D:11:     layout_roguey, gammafunk_ghost_arena, minivault_20
Temple:   mainiacjoe_temple_starburst

Skill      XL: |  1  2  3  4  5  6  7  8  9 10 11 |
---------------+----------------------------------+-----
Long Blades    | 4 5 6 8 10 12 13 | 13.9
Fighting       | 3 4 5 6 7 9 10 | 10.8
Armour         | 2 3 4 5 7 8 10 12 | 12.2
Dodging        | 4 5 6 |  6.2
Stealth        | 1 |  1.0
Throwing       | |  2.1
Evocations     | |  0.2

Action                   |  1- 3 |  4- 6 |  7- 9 | 10-12 || total
-------------------------+-------+-------+-------+-------++-------
Melee: Long sword        |    69 |   196 |     3 |       ||   268
       Headbutt          |    12 |    30 |    27 |    33 ||   102
       Punch             |       |     2 |     1 |     4 ||     7
       Demon blade       |       |       |   182 |   168 ||   350
Invok: Curse Item        |       |       |     1 |     2 ||     3
Evoke: Wand              |     1 |     1 |       |       ||     2
  Use: Scroll            |     1 |     5 |     9 |     1 ||    16
       Potion            |       |       |       |     2 ||     2
Armor: Leather armour    |    28 |       |       |       ||    28
       Chain mail        |    29 |   134 |    73 |    55 ||   291
       Plate armour      |       |       |       |     5 ||     5
Dodge: Dodged            |    85 |   103 |   132 |   120 ||   440
